SKY
SAN DIEGO PADRES @ ST. LOUIS CARDINALS
05/19/2052
 
TOP OF THE 1ST
San Diego Padres batting - Pitching for St. Louis Cardinals : LHP Charles Shoop
Pitching: LHP Charles Shoop
Batting: RHB Silvio Sevilla 0-0: Ball
1-0: Ball
2-0: Swinging Strike
2-1: Foul Ball, location: 9LMF
2-2: Foul Ball, location: 2F
2-2: Strikes out looking
Batting: RHB Des Galindo 0-0: Swinging Strike
0-1: Fly out, F9 (Flyball, 9S, EV 88.1 MPH)
Batting: LHB Eric Ho 0-0: Fly out, F8 (Line Drive, 8LD, EV 90.6 MPH)
Top of the 1st over - 0 runs, 0 hits, 0 errors, 0 left on base; San Diego 0 - St. Louis 0
BOTTOM OF THE 1ST
St. Louis Cardinals batting - Pitching for San Diego Padres : RHP Dolph Gervais
Pitching: RHP Dolph Gervais
Batting: SHB Joseph Mitchell 0-0: Ball
1-0: Called Strike
1-1: Ball
2-1: Ground out 4-3 (Groundball, 4, EV 90.6 MPH)
Batting: RHB Bobby Grimm 0-0: Foul Ball, location: 25F
0-1: Ball
1-1: Ball
2-1: Ball
3-1: Base on Balls
Batting: RHB Edward Lepak 0-0: Grounds into double play, 4-6-3 (Groundball, 4, EV 103.1 MPH)
Bottom of the 1st over - 0 runs, 0 hits, 0 errors, 0 left on base; San Diego 0 - St. Louis 0
TOP OF THE 2ND
San Diego Padres batting - Pitching for St. Louis Cardinals : LHP Charles Shoop
Batting: LHB Owen Chandler 0-0: Called Strike
0-1: Foul Ball, location: 23F
0-2: Fly out, F9 (Flyball, 9, EV 87.5 MPH)
Batting: SHB Dexter Greer 0-0: SINGLE (Groundball, 6, EV 88.8 MPH)
Batting: RHB Trinidad Apodaca 0-0: Ball
1-0: Fielders Choice at 2nd, 1-6 (Groundball, 34S, EV 68.1 MPH)
Batting: LHB Neil Smyth 0-0: Called Strike
0-1: Called Strike
0-2: Ground out 4-3 (Groundball, 4, EV 101.9 MPH)
Top of the 2nd over - 0 runs, 1 hit, 0 errors, 1 left on base; San Diego 0 - St. Louis 0
BOTTOM OF THE 2ND
St. Louis Cardinals batting - Pitching for San Diego Padres : RHP Dolph Gervais
Batting: RHB Dan Moore 0-0: Ball
1-0: Foul Ball, location: 7LSF
1-1: Fly out, F7 (Flyball, 7D, EV 104.4 MPH)
Batting: SHB Lucas Cavanaugh 0-0: Ball
1-0: Called Strike
1-1: Called Strike
1-2: Fly out, F9 (Flyball, 8RS, EV 88.1 MPH)
Batting: LHB Marcus Jones 0-0: Fly out, F8 (Flyball, 8LD, EV 106.9 MPH)
Bottom of the 2nd over - 0 runs, 0 hits, 0 errors, 0 left on base; San Diego 0 - St. Louis 0
TOP OF THE 3RD
San Diego Padres batting - Pitching for St. Louis Cardinals : LHP Charles Shoop
Batting: LHB Flávio Chacon 0-0: Called Strike
0-1: Ball
1-1: Fly out, F2 (Popup, 25F, EV 83.1 MPH)
Batting: RHB Rudy Hughes 0-0: Ball
1-0: SINGLE (Groundball, 6MD, EV 103.1 MPH)
Batting: RHB Silvio Sevilla 0-0: Called Strike
0-1: Ball
1-1: Foul Ball, location: 9LMFF
1-2: Ball
2-2: Fielders Choice at 2nd, 6-4 (Groundball, 6M, EV 88.8 MPH)
Batting: RHB Des Galindo 0-0: Swinging Strike
0-1: Ball
1-1: Ball
Silvio Sevilla steals 2nd base (no throw)
2-1: Foul Ball, location: 25FF
2-2: Ground out U3 (Groundball, 3, EV 90.0 MPH)
Top of the 3rd over - 0 runs, 1 hit, 0 errors, 1 left on base; San Diego 0 - St. Louis 0
BOTTOM OF THE 3RD
St. Louis Cardinals batting - Pitching for San Diego Padres : RHP Dolph Gervais
Batting: RHB Paco Paredes 0-0: Ball
1-0: SINGLE (Line Drive, 6MD, EV 101.3 MPH)
Batting: SHB Mark Crabtree 0-0: Foul Ball, location: 7LMF
0-1: Bunted foul
0-2: Ball
1-2: Strikes out swinging
Batting: LHB Josef Rosendorff 0-0: Fly out, F9 (Flyball, 9, EV 93.1 MPH)
Batting: SHB Joseph Mitchell 0-0: Ball
1-0: Ground out 6-3 (Groundball, 6M, EV 106.9 MPH)
Bottom of the 3rd over - 0 runs, 1 hit, 0 errors, 1 left on base; San Diego 0 - St. Louis 0
TOP OF THE 4TH
San Diego Padres batting - Pitching for St. Louis Cardinals : LHP Charles Shoop
Batting: LHB Eric Ho 0-0: Foul Ball, location: 5F
0-1: Swinging Strike
0-2: Foul Ball, location: 7LSF
0-2: Hit by Pitch
Batting: LHB Owen Chandler 0-0: Swinging Strike
0-1: Foul Ball, location: 25FF
0-2: Ball
1-2: Foul Ball, location: 5SF
1-2: Ball
2-2: Fly out, F7 (Flyball, 7S, EV 88.8 MPH)
Batting: SHB Dexter Greer 0-0: Grounds into double play, 4-6-3 (Groundball, 34S, EV 89.4 MPH)
Top of the 4th over - 0 runs, 0 hits, 0 errors, 0 left on base; San Diego 0 - St. Louis 0
BOTTOM OF THE 4TH
St. Louis Cardinals batting - Pitching for San Diego Padres : RHP Dolph Gervais
Batting: RHB Bobby Grimm 0-0: Called Strike
0-1: Foul Ball, location: 9LDF
0-2: Ball
1-2: Ball
2-2: Foul Ball, location: 2F
2-2: Strikes out swinging
Batting: RHB Edward Lepak 0-0: Foul Ball, location: 9LSF
0-1: Called Strike
0-2: Strikes out swinging
Batting: RHB Dan Moore 0-0: Ball
1-0: Called Strike
1-1: Fly out, F8 (Flyball, 8LD, EV 95.6 MPH)
Bottom of the 4th over - 0 runs, 0 hits, 0 errors, 0 left on base; San Diego 0 - St. Louis 0
TOP OF THE 5TH
San Diego Padres batting - Pitching for St. Louis Cardinals : LHP Charles Shoop
Batting: RHB Trinidad Apodaca 0-0: Foul Ball, location: 2F
0-1: SINGLE (Groundball, 4MD, EV 100.6 MPH)
Batting: LHB Neil Smyth 0-0: Ball
1-0: Ball
2-0: Ball
3-0: Base on Balls
Trinidad Apodaca to second
Batting: LHB Flávio Chacon 0-0: Bunt missed!
0-1: Bunted foul
0-2: Foul Ball, location: 3SF
0-2: Grounds into double play, 5-4-3 (Groundball, 56, EV 87.5 MPH)
Trinidad Apodaca to third
Batting: RHB Rudy Hughes 0-0: Swinging Strike
0-1: Swinging Strike
0-2: Foul Ball, location: 7LMF
0-2: Hit by Pitch
Batting: RHB Silvio Sevilla 0-0: Called Strike
0-1: Ball
1-1: Fly out, F8 (Flyball, 8LM, EV 85.6 MPH)
Top of the 5th over - 0 runs, 1 hit, 0 errors, 2 left on base; San Diego 0 - St. Louis 0
BOTTOM OF THE 5TH
St. Louis Cardinals batting - Pitching for San Diego Padres : RHP Dolph Gervais
Batting: SHB Lucas Cavanaugh 0-0: Fly out, F7 (Flyball, 7D, EV 87.5 MPH)
Batting: LHB Marcus Jones 0-0: Called Strike
0-1: Ball
1-1: Ball
2-1: Ball
3-1: Foul Ball, location: 7LSF
3-2: Foul Ball, location: 7LDF
3-2: Ground out 4-3 (Groundball, 4M, EV 99.4 MPH)
Batting: RHB Paco Paredes 0-0: Ball
1-0: Called Strike
1-1: Called Strike
1-2: Ball
2-2: DOUBLE (Flyball, 8RXD, EV 104.4 MPH)
Batting: SHB Mark Crabtree 0-0: SINGLE (Line Drive, 9S, EV 94.4 MPH)
Paco Paredes to third
Runner from 3rd tries for Home, SAFE, throw by RF to home
Mark Crabtree to second
Batting: LHB Josef Rosendorff 0-0: Called Strike
0-1: Called Strike
0-2: Ball
1-2: Foul Ball, location: 7LSF
1-2: Fly out, F8 (Flyball, 8LD, EV 106.9 MPH)
Bottom of the 5th over - 1 run, 2 hits, 0 errors, 1 left on base; San Diego 0 - St. Louis 1
TOP OF THE 6TH
San Diego Padres batting - Pitching for St. Louis Cardinals : LHP Charles Shoop
Batting: RHB Des Galindo 0-0: Swinging Strike
0-1: Ball
1-1: Swinging Strike
1-2: Strikes out swinging
Batting: LHB Eric Ho 0-0: Called Strike
0-1: Called Strike
0-2: Ball
1-2: Foul Ball, location: 2F
1-2: Strikes out swinging
Batting: LHB Owen Chandler 0-0: SOLO HOME RUN (Flyball, 9D, EV 98.1 MPH), Distance : 360 ft
Batting: SHB Dexter Greer 0-0: Ball
1-0: SINGLE (Groundball, 6MD, EV 101.9 MPH)
Batting: RHB Trinidad Apodaca 0-0: Ball
1-0: Ground out 4-3 (Groundball, 4, EV 85.6 MPH)
Top of the 6th over - 1 run, 2 hits, 0 errors, 1 left on base; San Diego 1 - St. Louis 1
BOTTOM OF THE 6TH
St. Louis Cardinals batting - Pitching for San Diego Padres : RHP Dolph Gervais
Batting: SHB Joseph Mitchell 0-0: Ball
1-0: Called Strike
1-1: Foul Ball, location: 9LDF
1-2: Ball
2-2: Foul Ball, location: 7LDF
2-2: Strikes out swinging
Batting: RHB Bobby Grimm 0-0: Ball
1-0: Foul Ball, location: 25F
1-1: Ball
2-1: Ball
3-1: Base on Balls
Batting: RHB Edward Lepak 0-0: Fly out, F2 (Popup, 23F, EV 90.0 MPH)
Batting: RHB Dan Moore 0-0: Ball
1-0: Fly out, F4 (Popup, 4, EV 64.4 MPH)
Bottom of the 6th over - 0 runs, 0 hits, 0 errors, 1 left on base; San Diego 1 - St. Louis 1
TOP OF THE 7TH
San Diego Padres batting - Pitching for St. Louis Cardinals : LHP Charles Shoop
Batting: LHB Neil Smyth 0-0: Called Strike
0-1: Ball
1-1: Called Strike
1-2: Strikes out swinging
Batting: LHB Flávio Chacon 0-0: Swinging Strike
0-1: Foul Ball, location: 2F
0-2: Ball
1-2: Strikes out swinging
Batting: RHB Rudy Hughes 0-0: Foul Ball, location: 3F
0-1: Ball
1-1: Foul Ball, location: 2F
1-2: Ball
2-2: Ball
3-2: Foul Ball, location: 3FF
3-2: Strikes out swinging
Top of the 7th over - 0 runs, 0 hits, 0 errors, 0 left on base; San Diego 1 - St. Louis 1
BOTTOM OF THE 7TH
St. Louis Cardinals batting - Pitching for San Diego Padres : RHP Dolph Gervais
Batting: SHB Lucas Cavanaugh 0-0: Ball
1-0: Fly out, F4 (Popup, 4, EV 63.1 MPH)
Batting: LHB Marcus Jones 0-0: Ball
1-0: Called Strike
1-1: Ball
2-1: Ground out 6-3 (Groundball, 6S, EV 86.3 MPH)
Batting: RHB Paco Paredes 0-0: Ball
1-0: Ball
2-0: Swinging Strike
2-1: SINGLE (Flyball, 4D, EV 85.6 MPH)
Batting: SHB Mark Crabtree 0-0: Called Strike
0-1: Ball
1-1: Called Strike
1-2: Foul Ball, location: 7LSF
1-2: Ball
2-2: Ball
3-2: Foul Ball, location: 2F
3-2: Fly out, F4 (Line Drive, 4, EV 65.6 MPH)
Bottom of the 7th over - 0 runs, 1 hit, 0 errors, 1 left on base; San Diego 1 - St. Louis 1
TOP OF THE 8TH
San Diego Padres batting - Pitching for St. Louis Cardinals : LHP Charles Shoop
Pitching: RHP Prospero González
Pinch Hitting: LHB Lester Flores 0-0: Ball
1-0: Ball
2-0: Called Strike
2-1: Ball
3-1: Fly out, F8 (Flyball, 89M, EV 93.8 MPH)
Batting: RHB Des Galindo 0-0: Ball
1-0: SINGLE (Groundball, 3S, EV 69.4 MPH) (infield hit)
Batting: LHB Eric Ho 0-0: Swinging Strike
0-1: Ball
1-1: Ball
2-1: Called Strike
2-2: Strikes out looking
Batting: LHB Owen Chandler 0-0: Ball
Des Galindo is caught stealing 2nd base 2-6
Top of the 8th over - 0 runs, 1 hit, 0 errors, 0 left on base; San Diego 1 - St. Louis 1
BOTTOM OF THE 8TH
St. Louis Cardinals batting - Pitching for San Diego Padres : RHP Dolph Gervais
Now at 2B: Donny Nuvolari
Batting: LHB Josef Rosendorff 0-0: Ground out 4-3 (Groundball, 34, EV 111.3 MPH)
Batting: SHB Joseph Mitchell 0-0: Called Strike
0-1: Ball
1-1: Ball
2-1: Ball
3-1: Foul Ball, location: 7LDF
3-2: Ground out 6-3 (Groundball, 6, EV 82.5 MPH)
Batting: RHB Bobby Grimm 0-0: Called Strike
0-1: Ball
1-1: Foul Ball, location: 2F
1-2: Ball
2-2: Foul Ball, location: 5SF
2-2: Ground out 1-3 (Groundball, 15S, EV 68.1 MPH)
Bottom of the 8th over - 0 runs, 0 hits, 0 errors, 0 left on base; San Diego 1 - St. Louis 1
TOP OF THE 9TH
San Diego Padres batting - Pitching for St. Louis Cardinals : RHP Prospero González
Batting: LHB Owen Chandler 0-0: Ball
1-0: Foul Ball, location: 2F
1-1: Called Strike
1-2: Ball
2-2: Ball
3-2: Base on Balls
Batting: SHB Dexter Greer 0-0: Foul Ball, location: 7LSF
0-1: Swinging Strike
0-2: SINGLE (Groundball, 4MD, EV 102.5 MPH)
Owen Chandler to second
Runner from 2nd tries for 3rd, SAFE, throw by CF made to third
Batting: RHB Trinidad Apodaca 0-0: Called Strike
0-1: Swinging Strike
0-2: Ball
1-2: Ball
2-2: Ball
3-2: Foul Ball, location: 2F
3-2: Strikes out looking
Batting: LHB Neil Smyth 0-0: Foul Ball, location: 7LDF
0-1: Ball
1-1: Ball
2-1: Ball
3-1: Fielders Choice at 2nd, 4-6 (Groundball, 4, EV 103.1 MPH)
Owen Chandler scores
Batting: LHB Flávio Chacon 0-0: Called Strike
0-1: Swinging Strike
0-2: Foul Ball, location: 3DF
0-2: Ball
1-2: Foul Ball, location: 2F
1-2: Ball
2-2: Ball
3-2: SINGLE (Line Drive, 6D, EV 95.0 MPH)
Neil Smyth to second
Neil Smyth to third
Batting: RHB Rudy Hughes 0-0: Called Strike
0-1: Called Strike
0-2: Ball
1-2: Ball
2-2: Ball
3-2: SINGLE (Groundball, 3D, EV 98.1 MPH)
Neil Smyth scores
Flávio Chacon to second
Flávio Chacon to third
Pitching: RHP Mal Tanner
Batting: RHB Donny Nuvolari 0-0: Ball
Wild Pitch!
Flávio Chacon scores
Rudy Hughes to second
1-0: Foul Ball, location: 25F
1-1: Foul Ball, location: 25FF
1-2: Foul Ball, location: 3F
1-2: Foul Ball, location: 3DF
1-2: Ball
2-2: Strikes out swinging
Top of the 9th over - 3 runs, 3 hits, 0 errors, 1 left on base; San Diego 4 - St. Louis 1
BOTTOM OF THE 9TH
St. Louis Cardinals batting - Pitching for San Diego Padres : RHP Dolph Gervais
Pitching: RHP Adam Pearson
Batting: RHB Edward Lepak 0-0: Ball
1-0: Swinging Strike
1-1: Reached via error on a dropped throw from 1B, E1 (Groundball, 34, EV 84.4 MPH)
Batting: RHB Dan Moore 0-0: Ball
1-0: SINGLE (Groundball, 6MD, EV 95.0 MPH)
Edward Lepak to second
Batting: SHB Lucas Cavanaugh 0-0: Called Strike
0-1: Fly out, F9 (Flyball, 9LMF, EV 96.9 MPH)
Runner from 2nd tags up, SAFE at 3rd, no throw by RF
Batting: LHB Marcus Jones 0-0: Ball
1-0: Fielders Choice attempt at home, Runner SAFE. 5-2 (Groundball, 5L, EV 89.4 MPH)
Dan Moore to second
Pinch Hitting: LHB Lance Vaughan 0-0: Called Strike
0-1: Ball
1-1: Ball
2-1: Grounds into double play, 4-6-3 (Groundball, 4M, EV 82.5 MPH)
Bottom of the 9th over - 1 run, 1 hit, 1 error, 1 left on base; San Diego 4 - St. Louis 2
Sunday, April 21st , 2024 - OOTP Baseball 24.11 Build 85